 Dungeon Crawl Stone Soup version 0.26-a0-163-g6c8a0bf695 (webtiles) character file.

Game seed: 3049800372061096144

20 BritishOli the Slasher (level 2, -4/23 HPs)
             Began as a Demonspawn Gladiator on July 3, 2020.
             Killed from afar by a white imp (13 damage)
             ... with a puff of frost
             ... on level 2 of the Dungeon.
             The game lasted 00:01:01 (868 turns).

BritishOli the Slasher (Demonspawn Gladiator)        Turns: 868, Time: 00:01:02

Health: -4/23      AC:  7    Str: 14    XL:     2   Next: 58%
Magic:  2/2        EV:  8    Int:  9    God:
Gold:   48         SH:  0    Dex: 14    Spells: 1/1 levels left

rFire    . . .     SeeInvis .   a - +0 long sword
rCold    . . .     Faith    .   (no shield)
rNeg     . . .     Spirit   .   b - +0 leather armour
rPois    .         Reflect  .   c - +1 helmet
rElec    .         Harm     .   (no cloak)
rCorr    .                      (no gloves)
MR       .....                  (no boots)
Stlth    +.........             (no amulet)
HPRegen  0.07/turn              m - -4 ring of evasion (curse)
MPRegen  0.08/turn              (no ring)

@: no status effects
A: molten scales 1
a: no special abilities


You were on level 2 of the Dungeon.
You were not hungry.

You visited 1 branch of the dungeon, and saw 2 of its levels.

You collected 48 gold pieces.

Inventory:

Hand Weapons
 a - a +0 long sword (weapon)
Missiles
 d - 3 throwing nets (quivered)
Armour
 b - a +0 leather armour (worn)
 c - a +1 helmet (worn)
 j - a cursed +0 chain mail
Jewellery
 m - a cursed -4 ring of evasion (left hand)
Scrolls
 h - a scroll of identify
 i - 2 scrolls of remove curse {unknown}
 k - a scroll of teleportation {unknown}
Potions
 e - 2 potions of lignification
 g - a potion of heal wounds {unknown}
 l - 2 potions of haste {unknown}
Comestibles
 f - 3 rations
 n - a chunk of flesh


   Skills:
 + Level 2.3 Fighting
 * Level 3.0 Long Blades
 + Level 1.9 Throwing
 + Level 0.5 Armour
 + Level 2.8 Dodging


You had one spell level left.
You didn't know any spells.
Your spell library was empty.

Dungeon Overview and Level Annotations

Branches:
Dungeon (2/15)

Altars:


Innate Abilities, Weirdness & Mutations

You are partially covered in molten scales. (AC +2)


Message History

You kill the rat!
No target in view!
HP restored.
There is a stone staircase leading up here.
A white imp comes into view.
The white imp shouts, "Quit, thou feckless ill-nurtured bloater!"
The white imp gestures at you. The puff of frost hits you!
A white imp is nearby!
The white imp gestures at you. The puff of frost hits you.
A worm comes into view.
There are monsters nearby!
You are too injured to fight recklessly!
You are too injured to fight recklessly!
The white imp picks up a beetle and eats it.
The white imp gestures at you. The puff of frost hits you!
Ouch! That really hurt!
You die...

##### #...#
#. +...# #.
#...# ..
#...# #.
#<#.#
#..###.#.#
####..#...#.#
........@...#
###..##.#####
#...<.#
......#.#
####....#
##.#5# ....#
.# ..# #. .w#


You could see a white imp.

Vanquished Creatures
  A giant cockroach (D:1)
  3 goblins (D:1)
  A hobgoblin (D:1)
  A ball python (D:1)
  4 bats (D:1)
  A frilled lizard (D:1)
  4 kobolds (D:1)
  7 rats
22 creatures vanquished.

Notes
Turn   | Place    | Note
-------+----------+-------------------------------------------
     0 | D:1      | BritishOli the Demonspawn Gladiator began the quest for the
                  | Orb.
     0 | D:1      | Reached XP level 1. HP: 16/16 MP: 1/1
   317 | D:1      | Gained mutation: You are partially covered in molten
                  | scales. (AC +2) [demonic ancestry]
   317 | D:1      | Reached XP level 2. HP: 22/22 MP: 2/2
   629 | D:1      | Reached skill level 3 in Long Blades
   868 | D:2      | Killed from afar by a white imp

Illustrated notes

Levels and vault maps discovered:
D:1:      dpeg_arrival_boxorama, layout_basic
D:2:      layout_basic, grunt_temple_overflow_magic_moments, okawaru_trees_1

Skill      XL: |  1  2 |
---------------+-------+-----
Long Blades    | 3 |  3.0
Fighting       | |  2.3
Throwing       | |  1.9
Armour         | |  0.5
Dodging        | |  2.8

Action                   || total
-------------------------++-------
Melee: Long sword        ||    52
  Use: Scroll            ||     2
Armor: Leather armour    ||    33
Dodge: Dodged            ||    36
       Rpst.: Long sword ||    12

Table legend:
 A = Non-vault XP
 B = Vault XP
 C = Vault XP percentage of total XP
 D = Non-vault monster count
 E = Vault monster count
 F = Vault count percentage of total count
                 A         B        C        D         E       F
            +---------+---------+-------+---------+---------+-------
      Total |      29 |       0 |   0.0 |      22 |       0 |   0.0
            +---------+---------+-------+---------+---------+-------
        D:1 |      28 |       0 |   0.0 |      21 |       0 |   0.0
        D:2 |       1 |       0 |   0.0 |       1 |       0 |   0.0
            +---------+---------+-------+---------+---------+-------
